 Dungeon Crawl Stone Soup version 0.28-a0-447-g1f95980246 (webtiles) character file.

Game seed: 994086062837182031

5237 spiderkeys the Fighter (level 10, -11/73 HPs)
             Began as an Octopode Fighter on Sept 13, 2021.
             Was an Initiate of Gozag.
             Mangled by a red ugly thing (13 damage)
             ... on level 9 of the Dungeon.
             The game lasted 00:16:12 (12124 turns).

spiderkeys the Fighter (Octopode Fighter)          Turns: 12124, Time: 00:16:13

Health: -11/73     AC:  3    Str: 23 (25) XL:     10   Next: 61%
Magic:  10/10      EV: 19    Int:  8 (11) God:    Gozag
Gold:   991        SH:  4    Dex: 10 (11) Spells: 9/9 levels left

rFire   . . .      SeeInvis .     - Unarmed
rCold   . . .      Faith    .   q - +0 buckler
rNeg    . . .      Spirit   .   s - +2 hat
rPois   .          Reflect  .   (no amulet)
rElec   .          Harm     .   E - +4 ring of evasion
rCorr   .          Rampage  .   S - +6 ring of strength
Will    .....                   (no ring)
Stlth   ++++......              (no ring)
HPRegen 0.22/turn               (no ring)
MPRegen 0.12/turn               (no ring)
                                (no ring)
                                (no ring)

@: no status effects
A: almost no armour, amphibious, 8 rings, camouflage 1, gelatinous body 1,
(nimble swimmer 1), tentacles
a: Renounce Religion, Potion Petition, Call Merchant, Bribe Branch


You were on level 9 of the Dungeon.
You worshipped Gozag.
Gozag was pleased with you.
You visited 2 branches of the dungeon, and saw 10 of its levels.

You collected 1058 gold pieces.
You paid 67 gold pieces to Gozag.


Innate Abilities, Weirdness & Mutations

You cannot wear most types of armour.
You are amphibious.
You can wear up to eight rings at the same time.
Your skin changes colour to match your surroundings (Stealth+).
Your rubbery body absorbs attacks. (AC +1, EV +1)
((You are camouflaged near water. (Stealth+)))
You have tentacles for arms and can constrict up to eight enemies at once.


   Skills:
 + Level 8.5 Fighting
 + Level 2.9 Throwing
 + Level 8.5 Dodging
 - Level 8.0 Stealth
 - Level 4.0 Shields
 + Level 8.2 Unarmed Combat


You had 9 spell levels left.
You didn't know any spells.
Your spell library contained the following spells:

 Spells                   Type           Power      Damage    Failure   Level
 Summon Small Mammal      Summ           0%         N/A       41%         1
 Blink                    Tloc           N/A        N/A       54%         2
 Corpse Rot               Necr/Air       N/A        N/A       54%         2
 Ensorcelled Hibernation  Hex/Ice        0%         N/A       54%         2
 Poisonous Vapours        Pois/Air       0%         N/A       54%         2
 Sublimation of Blood     Necr           0%         N/A       54%         2
 Wereblood                Tmut           0%         N/A       54%         2
 Call Canine Familiar     Summ           0%         N/A       78%         3
 Spider Form              Tmut/Pois      0%         N/A       78%         3
 Stone Arrow              Conj/Erth      0%         3d7       78%         3
 Summon Guardian Golem    Hex/Summ       0%         N/A       78%         3
 Fulminant Prism          Conj/Hex       0%         3d6       99%         4
 Hailstorm                Conj/Ice       0%         3d3       99%         4
 Irradiate                Conj/Tmut      0%         3d13      100%        5
 Manifold Assault         Tloc           0%         N/A       100%        5
 Conjure Ball Lightning   Conj/Air       0%         3x3d6     100%        6
 Storm Form               Tmut/Air       0%         N/A       100%        7
 Summon Hydra             Summ           0%         N/A       100%        7
 Lehudib's Crystal Spear  Conj/Erth      0%         10d2      100%        8
 Animate Armour           Summ/Erth      Unusable   N/A       N/A         4

Inventory:

Hand Weapons
 a - a +2 hunting sling of venom
   (You took it off Joseph on level 8 of the Dungeon)
Missiles
 d - 3 curare-tipped darts {=f}
 e - 276 stones (quivered)
 f - 6 boomerangs
 g - 68 sling bullets
 k - 141 arrows
 l - 7 javelins
 m - 36 poisoned darts
 n - 2 atropa-tipped darts
 t - 38 bolts
Armour
 q - a +0 buckler (worn)
 s - a +2 hat (worn)
   (You found it on level 4 of the Dungeon)
Jewellery
 E - a +4 ring of evasion (left tentacle)
   (You found it on level 3 of the Dungeon)
 S - a +6 ring of strength (right tentacle)
   (You found it on level 7 of the Dungeon)
Wands
 p - a wand of charming (9)
   (You took it off a kobold on level 4 of the Dungeon)
Scrolls
 j - 2 scrolls of magic mapping {!r}
 u - 2 scrolls of fog
 v - 2 scrolls of teleportation {@r4}
 w - a scroll of enchant armour
 x - a scroll of enchant weapon
 y - 2 scrolls of vulnerability {!r!r}
Potions
 b - 2 potions of might
 c - a potion of brilliance
 h - a potion of haste {@q3}
 i - 3 potions of lignification {!q}
 o - a potion of degeneration {!q}
 z - a potion of magic {unknown}
 A - 2 potions of attraction {unknown}

Dungeon Overview and Level Annotations

Branches:
Dungeon (9/15)             Temple (1/1) D:5
   Lair: D:8-11         Orc: D:9-12

Altars:
Ashenzari
Cheibriados
Dithmenos
Elyvilon
Fedhas
Gozag
Hepliaklqana
Kikubaaqudgha
Makhleb
Nemelex Xobeh
Okawaru
Qazlal
Ru
Sif Muna
Trog
Uskayaw
Vehumet
Wu Jian
Xom
Yredelemnul
Zin
The Shining One
Lugonu

Shops:
D:3

:(=
..........#
..........
..........
..........
..........
#######
..........
+.....#
.........
#..Z..#
########.
#..@..# #.
#...u..# #.
#......# #.
#......# #.
#......#
...
########
... +##


You could see a red ugly thing and a wyvern zombie.


Message History

The gnoll hits you with a +0 flail. The gnoll completely misses you.
The gnoll hits you with a +0 club.
You block the killer bee's attack. 😮 HP[-8]
You take 8 damage, and now have 52/73 hp.
You miss the killer bee. You grab the killer bee. You constrict the killer bee.
You feel sick. The killer bee misses you. The gnoll barely misses you.
The gnoll hits you from afar with a +0 halberd.
The gnoll is distracted by your dazzling golden aura.
You block the killer bee's attack. 😮 HP[-3]
You take 3 damage, and now have 49/73 hp.
The gnoll shouts!
You bludgeon the killer bee!
Your tentacle-slap misses the killer bee.
You squeeze the killer bee.
You kill the killer bee!
You feel sick. The gnoll hits you with a +0 flail!
You block the gnoll's attack.
A gnoll opens the door.
You feel your strength returning. 😮 HP[-8]
You take 8 damage, and now have 41/73 hp.
Unknown command.
You feel sick.
You block the howler monkey zombie's attack.
You see here 11 gold pieces.
You tentacle-slap the howler monkey zombie.
You grab the howler monkey zombie. You constrict the howler monkey zombie.
You feel sick. The howler monkey zombie hits you.
* * * LOW HITPOINT WARNING * * *
The gnoll shaman barely misses you.
The gnoll hits you from afar with a +0 halberd!
* * * LOW HITPOINT WARNING * * *
😨 HP[-17]
You take 17 damage, and now have 24/73 hp.
MASSIVE DAMAGE!! (PAUSE)
You bludgeon the howler monkey zombie! You constrict the howler monkey zombie.
You feel sick.
The howler monkey zombie completely misses you.
The gnoll shaman barely misses you. 😨 HP[-1]
You take 1 damage, and now have 23/73 hp.
You release your grip on the howler monkey zombie.
You feel sick.
You are no longer poisoned.
The howler monkey zombie misses you.
The gnoll shaman calls down the wrath of its god upon you.
You easily resist. 😨 HP[-1]
You take 1 damage, and now have 22/73 hp.
The gnoll is distracted by your dazzling golden aura.
The howler monkey zombie closely misses you.
Okay, then. 😨 HP[+1]
The gnoll is no longer distracted by gold. 😨 HP[+1] 😨 HP[+1] 😨 HP[+1]
The howler monkey zombie closely misses you.
There is a stone staircase leading up here. 😨 HP[+1]
You climb upwards.
There is a stone staircase leading down here.
You start resting. 😎 HP[+46]
Your hp is fully restored (73).
There is a fountain of sparkling water here.
There is a fountain of sparkling water here.
You see here 3 large rocks {=f}.
There is an escape hatch in the floor here.
There is a stone staircase leading down here.
You climb downwards.
There is a stone staircase leading up here.
The helpless wyvern zombie fails to defend itself.
You bludgeon the wyvern zombie!
The red ugly thing gurgles horribly!
The wyvern zombie barely misses you.
You bludgeon the wyvern zombie! You tentacle-slap the wyvern zombie!
You squeeze the wyvern zombie. You block the wyvern zombie's attack.
You barely miss the wyvern zombie. You block the wyvern zombie's attack.
The red ugly thing pecks you!
You are engulfed in flames!
The wyvern zombie bites you!
* * * LOW HITPOINT WARNING * * *
😨 HP[-38]
You take 38 damage, and now have 35/73 hp.
MASSIVE DAMAGE!! (PAUSE)
You barely miss the wyvern zombie.
You squeeze the wyvern zombie, but do no damage.
The red ugly thing pecks you.
* * * LOW HITPOINT WARNING * * *
You are engulfed in flames!
* * * LOW HITPOINT WARNING * * *
The wyvern zombie closely misses you. 😱 HP[-20]
You take 20 damage, and now have 15/73 hp.
MASSIVE DAMAGE!! (PAUSE)
You completely miss the wyvern zombie. The red ugly thing pecks you!
* * * LOW HITPOINT WARNING * * *
You are engulfed in flames!
You die...
Your body crumbles into a pile of gold.

Skill      XL: |  1  2  3  4  5  6  7  8  9 10 |
---------------+-------------------------------+-----
Stealth        | 1 2 3 4 5 7 8 |  8.0
Unarmed Combat | 3 4 5 7 8 |  8.2
Fighting       | 4 5 6 7 8 |  8.5
Dodging        | 4 5 6 7 8 |  8.5
Shields        | 4 |  4.0
Throwing       | 2 |  2.9

Action                   |  1- 3 |  4- 6 |  7- 9 | 10-12 || total
-------------------------+-------+-------+-------+-------++-------
Melee: Unarmed           |   103 |    93 |   287 |   111 ||   594
       Constrict         |    28 |    23 |    44 |    17 ||   112
       Tentacles         |    19 |    22 |    64 |    28 ||   133
       Punch             |     1 |     4 |     9 |     5 ||    19
 Fire: Hunting sling     |       |       |       |     9 ||     9
Throw: Javelin           |       |       |     7 |       ||     7
       Dart              |       |       |     9 |     8 ||    17
Evoke: Wand              |       |       |     4 |     4 ||     8
  Use: Scroll            |     4 |     1 |     5 |     1 ||    11
       Potion            |       |       |     2 |     4 ||     6
 Stab: Sleeping          |    11 |     9 |     7 |     4 ||    31
       Invisible         |       |       |     3 |       ||     3
       Distracted        |       |       |       |     1 ||     1
Armor: Skin              |    15 |     3 |    24 |    12 ||    54
Dodge: Dodged            |    56 |    57 |   197 |   109 ||   419
Block: Buckler           |    24 |    20 |    53 |    31 ||   128

Levels and vault maps discovered:
D:1:      psy_arrival_statuary, layout_loops_corners,
          shapermc_ecumenical_altar_flowoftime, minmay_cut_off
D:2:      wander_river, layout_loops_ring
D:3:      layout_loops_ring, nicolae_tso_besieged_by_evil,
          general_overflow_altar, lemuel_crystal_altar, serial_shops,
          nicolae_shop_waterfront, shop_statue, nicolae_shop_window_shopping,
          minmay_diced_spiral
D:4:      kennysheep_kobold_camp, layout_basic, kennysheep_slug_shrine,
          lemuel_doored_altar, mainiacjoe_overflow_catch_the_wave, uniq_robin
D:5:      layout_basic, minmay_temple_entry_trees, kennysheep_generic_room_9
D:6:      layout_loops_ring, columned_hall_lemuel, uniq_blork_the_orc,
          uniq_grinder, uniq_pikel
D:7:      layout_gridville, minitemple
D:8:      layout_basic, nemelex_xobeh_ov_fountains_minmay, uniq_joseph
D:9:      layout_irregular_city
Temple:   corrupted_temple

Notes
Turn   | Place    | Note
-------+----------+-------------------------------------------
     0 | D:1      | spiderkeys the Octopode Fighter began the quest for the
                  | Orb.
     0 | D:1      | Reached XP level 1. HP: 16/16 MP: 1/1
     0 | D:1      | magus.rc [v1.9.10]
   349 | D:1      | Reached XP level 2. HP: 21/21 MP: 2/2
   574 | D:1      | Reached skill level 1 in Stealth
   675 | D:1      | Found a faded altar of an unknown god.
  1035 | D:1      | Reached XP level 3. HP: 8/26 MP: 3/3
  2135 | D:3      | Found Varphuf's Weapon Shop.
  2154 | D:3      | Found Rakk's Book Shoppe.
  2267 | D:3      | Reached skill level 2 in Stealth
  2297 | D:3      | Reached XP level 4. HP: 31/31 MP: 4/4
  2425 | D:3      | You pick up a book of Armaments and begin reading...
  2425 | D:3      | You add the spells Stone Arrow and Lehudib's Crystal Spear
                  | to your library.
  2559 | D:3      | Found a glowing golden altar of the Shining One.
  2708 | D:3      | Found an ancient bone altar of Kikubaaqudgha.
  2778 | D:3      | Found Hodosopt's Jewellery Shop.
  2792 | D:3      | Found a shimmering blue altar of Sif Muna.
  2852 | D:3      | Noticed a water moccasin
  2862 | D:3      | Killed a water moccasin
  2863 | D:3      | Reached skill level 3 in Stealth
  2863 | D:3      | Reached skill level 3 in Unarmed Combat
  2863 | D:3      | Reached XP level 5. HP: 22/37 MP: 5/5
  3292 | D:4      | You pick up a book of Vapours and begin reading...
  3292 | D:4      | You add the spells Poisonous Vapours and Corpse Rot to your
                  | library.
  3316 | D:4      | Reached skill level 4 in Fighting
  3316 | D:4      | Reached skill level 4 in Dodging
  3316 | D:4      | Reached skill level 4 in Shields
  3316 | D:4      | Reached XP level 6. HP: 43/43 MP: 6/6
  3370 | D:4      | Reached skill level 4 in Stealth
  3532 | D:4      | Found a snail-covered altar of Cheibriados.
  3601 | D:4      | Reached XP level 7. HP: 44/49 MP: 7/7
  3630 | D:4      | Found a shadowy altar of Dithmenos.
  3814 | D:4      | Found a bloodstained altar of Trog.
  3855 | D:4      | Noticed Robin
  3867 | D:4      | Killed Robin
  4082 | D:4      | Found an ornate altar of the Wu Jian Council.
  4288 | D:4      | Reached skill level 4 in Unarmed Combat
  4352 | D:4      | Reached skill level 5 in Stealth
  4631 | D:5      | Entered Level 5 of the Dungeon
  4682 | D:5      | Found a staircase to the Ecumenical Temple.
  4694 | Temple   | Entered the Ecumenical Temple
  4715 | Temple   | Became a worshipper of Gozag Ym Sagoz the Greedy
  4769 | D:5      | HP: 10/49 [something (6)]
  4815 | D:6      | HP: 4/49 [scorpion (7)]
  5172 | D:6      | You add the spells Blink, Manifold Assault and Storm Form
                  | to your library.
  5205 | D:6      | Reached skill level 5 in Fighting
  5205 | D:6      | Reached skill level 5 in Dodging
  5205 | D:6      | Reached XP level 8. HP: 35/55 MP: 8/8
  5351 | D:6      | Noticed Pikel
  5437 | D:6      | Killed Pikel
  5438 | D:6      | Reached skill level 6 in Stealth
  5438 | D:6      | Reached skill level 5 in Unarmed Combat
  5644 | D:6      | Noticed Grinder
  5647 | D:6      | Reached skill level 7 in Stealth
  5651 | D:6      | Paralysed by Grinder for 3 turns
  5655 | D:6      | HP: 12/57 [Grinder (5)]
  5656 | D:6      | Noticed a cyclops
  5659 | D:6      | Paralysed by Grinder for 4 turns
  5962 | D:6      | Noticed Blork the orc
  5974 | D:6      | Killed Blork the orc
  5975 | D:6      | Reached skill level 6 in Fighting
  5975 | D:6      | Reached skill level 6 in Dodging
  6074 | D:6      | Reached XP level 9. HP: 49/62 MP: 9/9
  6288 | D:6      | Killed Grinder
  6289 | D:6      | Reached skill level 8 in Stealth
  6289 | D:6      | Reached skill level 6 in Unarmed Combat
  6698 | D:6      | HP: 5/63 [cyclops (28)]
  6699 | D:6      | Killed a cyclops
  6700 | D:6      | Reached skill level 7 in Fighting
  6700 | D:6      | Reached skill level 7 in Dodging
  7227 | D:7      | You add the spells Hailstorm, Fulminant Prism, Irradiate
                  | and Conjure Ball Lightning to your library.
  7227 | D:7      | Got the Reference Book on Confrontation
  7697 | D:7      | Reached skill level 7 in Unarmed Combat
  7707 | D:7      | HP: 15/64 [hound (3)]
  8269 | D:7      | HP: 13/64 [wraith (5)]
  8271 | D:7      | Reached XP level 10. HP: 14/72 MP: 10/10
  8617 | D:7      | Found a hide-covered altar of Uskayaw.
  8625 | D:7      | Found a stormy altar of Qazlal.
  8625 | D:7      | Found a basalt altar of Yredelemnul.
  8626 | D:7      | Found a hazy altar of Hepliaklqana.
  8662 | D:7      | Found a blossoming altar of Fedhas.
  9063 | D:5      | Reached skill level 8 in Fighting
  9063 | D:5      | Reached skill level 8 in Dodging
  9212 | D:5      | You pick up a book of Callings and begin reading...
  9212 | D:5      | You add the spells Summon Small Mammal, Call Canine
                  | Familiar and Summon Guardian Golem to your library.
  9511 | D:5      | Reached skill level 1 in Throwing
  9949 | D:8      | Noticed a cyclops
 10148 | D:8      | Found a sparkling altar of Nemelex Xobeh.
 10296 | D:8      | Killed a cyclops
 10297 | D:8      | Reached skill level 2 in Throwing
 10317 | D:8      | Reached skill level 8 in Unarmed Combat
 10327 | D:8      | HP: 18/72 [killer bee (1)]
 10332 | D:8      | HP: 12/72 [poisoned by a killer bee]
 10955 | D:8      | Noticed Joseph
 10970 | D:8      | Killed Joseph
 11566 | D:8      | You pick up a book of Blood and begin reading...
 11566 | D:8      | You add the spells Sublimation of Blood, Wereblood and
                  | Summon Hydra to your library.
 11724 | D:9      | You pick up a book of Dreams and begin reading...
 11724 | D:9      | You add the spells Ensorcelled Hibernation and Spider Form
                  | to your library.
 12119 | D:9      | Noticed a red ugly thing
 12123 | D:9      | HP: 15/73 [red ugly thing (16)]
 12124 | D:9      | HP: 2/73 [red ugly thing (13)]
 12124 | D:9      | Mangled by a red ugly thing

Vanquished Creatures
  Pikel (D:6)
  2 cyclopes
  Joseph (D:8)
  Grinder (D:6)
  A wraith (D:7)
  2 steam dragons (D:7)
  3 acid dragons (D:8)
  A water moccasin (D:3)
  A black bear (D:6)
  2 sky beasts
  A necrophage (D:4)
  An ogre (D:6)
  2 phantoms
  4 centaurs
  2 lemures (D:6)
  2 kobold brigands (D:7)
  Blork the orc (D:6)
  4 bullfrogs
  3 scorpions
  A wyvern zombie (D:6)
  2 water moccasin skeletons
  6 killer bees
  A crimson imp (D:3)
  A centaur zombie (D:6)
  A bullfrog skeleton (D:5)
  A centaur skeleton (D:7)
  An orc priest (D:4)
  4 hounds
  2 jellies
  2 orc wizards
  3 iguanas
  A hound zombie (D:5)
  2 howler monkey zombies
  Robin (D:4)
  3 adders
  A shadow imp (D:5)
  2 white imps
  2 ufetubi (D:6)
  An adder skeleton (D:4)
  7 dart slugs
  12 orcs
  6 bats
  6 endoplasms
  2 giant cockroaches
  8 goblins
  11 hobgoblins
  3 quokkas
  5 ball pythons
  4 hobgoblin zombies (D:3)
  35 kobolds
  A kobold skeleton (D:3)
  2 orc skeletons (D:3)
  4 rats
179 creatures vanquished.

Vanquished Creatures (others)
  A centaur (D:7)
  75 plants (D:4)
76 creatures vanquished.

Grand Total: 255 creatures vanquished

Table legend:
 A = Non-vault XP
 B = Vault XP
 C = Vault XP percentage of total XP
 D = Non-vault monster count
 E = Vault monster count
 F = Vault count percentage of total count
                 A         B        C        D         E       F
            +---------+---------+-------+---------+---------+-------
      Total |    5884 |    1598 |  21.4 |     135 |      43 |  24.2
            +---------+---------+-------+---------+---------+-------
        D:1 |      39 |       0 |   0.0 |      17 |       0 |   0.0
        D:2 |      35 |       0 |   0.0 |      17 |       0 |   0.0
        D:3 |     170 |      58 |  25.4 |      11 |      11 |  50.0
        D:4 |     620 |      60 |   8.8 |      22 |      27 |  55.1
        D:5 |     371 |      49 |  11.7 |       8 |       1 |  11.1
        D:6 |    1615 |    1008 |  38.4 |      21 |       3 |  12.5
        D:7 |    1370 |       0 |   0.0 |      20 |       0 |   0.0
        D:8 |    1518 |     423 |  21.8 |      16 |       1 |   5.9
        D:9 |     146 |       0 |   0.0 |       3 |       0 |   0.0
            +---------+---------+-------+---------+---------+-------

Illustrated notes

Table legend:
 A = Kills in this place as a percentage of kills in entire the game.
 B = Kills by you in this place as a percentage of kills by you in the entire game.
 C = Kills by friends in this place as a percentage of kills by friends in the entire game.
 D = Other kills in this place as a percentage of other kills in the entire game.
 E = Experience gained in this place as a percentage of experience gained in the entire game.
 F = Experience gained in this place divided by the number of levels of this place that you have seen.
                   A       B       C       D       E      F
               +-------+-------+-------+-------+-------+----------------------
         Total | 100.0 | 100.0 |   N/A | 100.0 | 100.0 | 748.2
       Dungeon | 100.0 | 100.0 |   N/A | 100.0 | 100.0 | 831.3
               +-------+-------+-------+-------+-------+----------------------

Table legend: (Time is in decaauts)
 A = Elapsed time spent in this place.
 B = Non-inter-level travel time spent in this place.
 C = Inter-level travel time spent in this place.
 D = Time resting spent in this place.
 E = Time spent auto-exploring this place.
 F = Levels seen in this place.
 G = Mean time per level.
                   A        B        C        D        E       F      G
               +--------+--------+--------+--------+--------+-----+--------+
         Total |  12081 |  11667 |    414 |   1934 |   8099 |  10 | 1208.1 |
       Dungeon |  12043 |  11637 |    406 |   1934 |   8089 |   9 | 1338.1 |
        Temple |     37 |     29 |      8 |      0 |     10 |   1 |   37.0 |
               +--------+--------+--------+--------+--------+-----+--------+

Top non-repeatable levels by time:
     D:6: 2449 daAuts
     D:8: 2045 daAuts
     D:7: 1742 daAuts
     D:4: 1374 daAuts
     D:1: 1250 daAuts
     D:3: 1108 daAuts
     D:5: 1007 daAuts
     D:2: 883 daAuts
     D:9: 180 daAuts
  Temple: 37 daAuts
